 Dungeon Crawl Stone Soup version 0.28.0-45-g0d030f2227 (webtiles) character file.

Game seed: 3063074054882213392

72 101zpm the Caller (level 4, -1/24 HPs)
             Began as a Kobold Summoner on Apr 20, 2022.
             Hit by a boomerang thrown by an orc (4 damage)
             ... on level 3 of the Dungeon.
             The game lasted 00:04:41 (3434 turns).

101zpm the Caller (Kobold Summoner)                 Turns: 3434, Time: 00:04:42

Health: -1/24      AC:  3    Str:  5    XL:     4   Next: 50%
Magic:  5/8        EV: 15    Int: 18    God:
Gold:   94         SH:  0    Dex: 15    Spells: 8/9 levels left

rFire   . . .      SeeInvis .   m - staff of poison
rCold   . . .      Faith    .   (shield currently unavailable)
rNeg    . . .      Spirit   .   a - +0 robe
rPois   +          Reflect  .   (no helmet)
rElec   .          Harm     .   l - +0 cloak
rCorr   .          Rampage  .   (no gloves)
Will    .....                   (no boots)
Stlth   +++.......              (no amulet)
HPRegen 0.08/turn               (no ring)
MPRegen 0.11/turn               (no ring)

@: no status effects
A: small, no large weapons, nightstalker 3
a: no special abilities


You were on level 3 of the Dungeon.
You visited 1 branch of the dungeon, and saw 3 of its levels.

You collected 94 gold pieces.

Inventory:

Hand Weapons
 c - a +0 rapier
Armour
 a - a +0 robe (worn)
 l - a +0 cloak (worn)
Magical Staves
 m - a staff of poison (weapon)
Wands
 i - a wand of flame (8)
Scrolls
 b - 4 scrolls of identify {unknown}
 d - a scroll of vulnerability {unknown}
 f - a scroll of brand weapon {unknown}
 k - a scroll of noise {unknown}
Potions
 e - 2 potions of haste {unknown}
 g - 3 potions of curing {unknown}
 h - a potion of attraction {unknown}
 j - a potion of invisibility {unknown}


   Skills:
 + Level 0.2 Fighting
 + Level 1.3 Short Blades
 + Level 2.6 Dodging
 + Level 3.1 Stealth
 + Level 3.1 Spellcasting
 + Level 4.7 Summonings


You had 8 spell levels left.
You knew the following spells:

 Your Spells              Type           Power      Damage    Failure   Level
a - Summon Small Mammal   Summ           76%        N/A       2%          1

Your spell library contained the following spells:

 Spells                   Type           Power      Damage    Failure   Level
 Call Imp                 Summ           19%        N/A       3%          2
 Call Canine Familiar     Summ           19%        N/A       7%          3
 Summon Guardian Golem    Hex/Summ       11%        N/A       19%         3
 Summon Lightning Spire   Summ/Air       11%        N/A       52%         4


Dungeon Overview and Level Annotations

Branches:
Dungeon (3/15)

Altars:


Innate Abilities, Weirdness & Mutations

You are small and have problems with some larger weapons.
You are completely attuned to the shadows.


Message History

Your quokka's corpse disappears in a puff of smoke!
Casting: Summon Small Mammal (safe; 2% risk of failure)
Press: ? - help, Q - select action, (/) - cycle Dir - look around, f - activate
Casting: Summon Small Mammal (safe; 2% risk of failure)
Press: ? - help, Q - select action, (/) - cycle Dir - look around, f - activate The orc hits your bat with a +0 trident!
Your bat dies!
Your bat's corpse disappears in a puff of smoke!
You hit the orc.
The orc is heavily wounded.
You hit the orc but do no damage.
The orc is heavily wounded.
The orc closely misses you. The orc barely misses you.
You hit the orc.
The orc is heavily wounded.
The orc barely misses you. The orc hits you with a +0 hand axe.
The orc completely misses you. The orc barely misses you.
You barely miss the orc.
The orc is heavily wounded.
The orc completely misses you. The orc hits you with a +0 trident.
You are too injured to fight recklessly!
You are too injured to fight recklessly!
You are too injured to fight recklessly!
You are too injured to fight recklessly!
You are too injured to fight recklessly!
You are too injured to fight recklessly!
You are too injured to fight recklessly!
You are too injured to fight recklessly!
You are too injured to fight recklessly!
You are too injured to fight recklessly!
You swap places.
Your rat bites the orc.
The orc closely misses your rat.
The orc hits you from afar with a +0 trident!
* * * LOW HITPOINT WARNING * * *
Your rat closely misses the orc.
The orc throws a boomerang.
The boomerang closely misses your rat. The boomerang completely misses you.
The orc hits your rat with a +0 trident.
Your rat dies!
Your rat's corpse disappears in a puff of smoke!
The orc throws a boomerang.
The boomerang hits you.
You die...

################
#oo)........@..#
#.########.###o#
.. .......o.# #
####.##### ...#
###.# ###


You could see an orc.

Vanquished Creatures
  An adder (D:2)
  2 dart slugs (D:2)
  An orc (D:3)
  3 endoplasms
  A giant cockroach (D:2)
  A hobgoblin (D:2)
  2 kobolds (D:1)
  A quokka (D:2)
  A ball python (D:1)
  4 bats
  3 frilled lizards
  6 goblins
  2 rats
  A spectral kobold (D:2)
29 creatures vanquished.

Vanquished Creatures (collateral kills)
  An adder (D:2)
  A bat (D:1)
  An endoplasm (D:1)
  A giant cockroach (D:2)
  A goblin (D:1)
  5 hobgoblins (D:1)
  2 kobolds (D:1)
  A quokka (D:1)
  A ball python (D:1)
  2 frilled lizards
  2 rats (D:2)
18 creatures vanquished.

Grand Total: 47 creatures vanquished

Notes
Turn   | Place    | Note
-------+----------+-------------------------------------------
     0 | D:1      | 101zpm the Kobold Summoner began the quest for the Orb.
     0 | D:1      | Reached XP level 1. HP: 10/10 MP: 3/3
   136 | D:1      | Reached XP level 2. HP: 6/15 MP: 0/5
  1143 | D:1      | Reached XP level 3. HP: 19/19 MP: 4/6
  2349 | D:2      | Reached XP level 4. HP: 19/23 MP: 4/8
  2525 | D:2      | Found a faded altar of an unknown god.
  2590 | D:2      | Reached skill level 1 in Short Blades
  3434 | D:3      | Hit by a boomerang thrown by an orc

Illustrated notes

Levels and vault maps discovered:
D:1:      elethiomel_arrival_quiet, layout_basic
D:2:      layout_basic, dreamdust_ecumenical_altar_drowned_temple, st_stairs_4,
          hex_medium, chequers_serial_rivers_micro_a, corexii_shack
D:3:      layout_basic, minmay_door_square, st_stairs_10, grunt_decor_cap,
          uniq_jessica, uniq_ijyb

Skill      XL: |  1  2  3  4 |
---------------+-------------+-----
Stealth        | 3 |  3.1
Spellcasting   | 3 |  3.1
Short Blades   | 1 |  1.3
Fighting       | |  0.2
Dodging        | |  2.6
Summonings     | |  4.7

Action                   |  1- 3 |  4- 6 || total
-------------------------+-------+-------++-------
Melee: Unarmed           |    24 |       ||    24
       Punch             |     1 |     1 ||     2
       Rapier            |    50 |    23 ||    73
       Staff             |       |     9 ||     9
 Cast: Summon Small Mamm |    50 |    25 ||    75
 Stab: Sleeping          |     3 |     1 ||     4
       Distracted        |       |     1 ||     1
Armor: Robe              |    10 |     3 ||    13
Dodge: Dodged            |    72 |    33 ||   105
